 Dungeon Crawl Stone Soup version 0.31-b1-18-g61460d1e46 (webtiles) character file.

Game seed: 3825119986948701630

2 Esekla the Sneak (level 1, -2/16 HPs)
             Began as an Octopode Delver on Jan 16, 2024.
             Was an Initiate of Gozag.
             Slain by an orc wizard
             ... wielding a +0 dagger
              (3 damage)
             ... on level 4 of the Dungeon.
             The game lasted 00:03:50 (392 turns).

Esekla the Sneak (Octopode Delver)                   Turns: 392, Time: 00:03:50

Health: -2/16      AC:  1    Str: 11    XL:     1   Next: 40%
Magic:  1/1        EV: 13    Int: 12    God:    Gozag
Gold:   23         SH:  0    Dex: 13    Spells: 0/0 levels left

rFire   . . .        a - +0 falchion
rCold   . . .        (no shield)
rNeg    . . .        (helmet restricted)
rPois   .            (no amulet)
rElec   .            (no ring)
rCorr   .            (no ring)
SInv    .            (no ring)
Will    .....        (no ring)
Stlth   ++++         (no ring)
HPRegen 0.22/turn    (no ring)
MPRegen 0.07/turn    (no ring)
                     (no ring)

%: no passive effects
@: hasted, very quick
A: almost no armour, amphibious, 8 rings, camouflage 1, gelatinous body 1,
(nimble swimmer 1), tentacles
a: Renounce Religion, Potion Petition, Call Merchant, Bribe Branch


You were on level 4 of the Dungeon.
You worshipped Gozag.
Gozag was noncommittal.
You visited 2 branches of the dungeon, and saw 3 of its levels.

You collected 31 gold pieces.
You paid 8 gold pieces to Gozag.

Inventory:

Hand Weapons
 a - a +0 falchion (weapon)
 h - a +0 dagger
Wands
 f - a wand of digging (2)
 g - a wand of iceblast (3)
Scrolls
 b - a scroll of fog
 c - a scroll of enchant armour {unknown}
 d - a scroll of blinking {unknown}


   Skills:
 + Level 3.0 Fighting
 + Level 2.0 Long Blades
 + Level 2.0 Dodging
 + Level 6.8 Stealth


You couldn't memorise any spells.
You didn't know any spells.
Your spell library was empty.

Dungeon Overview and Level Annotations

Branches:
Dungeon (5/15)             Temple (1/1) D:5

Altars:
Ashenzari
Cheibriados
Dithmenos
Elyvilon
Fedhas
Gozag
Hepliaklqana
Makhleb
Nemelex Xobeh
Qazlal
Ru
Uskayaw
Vehumet
Wu Jian
Xom
Yredelemnul

Annotations:
D:5 Ijyb


Innate Abilities, Weirdness & Mutations

You cannot wear most types of armour.
You are amphibious.
You can wear up to eight rings at the same time.
Your skin changes colour to match your surroundings (Stealth+).
Your rubbery body absorbs attacks. (AC +1, EV +1)
((You are camouflaged when in or above water. (Stealth+)))
You have tentacles for arms and can constrict up to eight enemies at once.


Message History

You constrict the giant cockroach.
You kill the giant cockroach!
You now have 7 gold pieces (gained 6).
c - a scroll labelled NYTUTTI LOILU A goblin comes into view.
It is wielding a +0 club.
d - a scroll labelled PER PAPUNGYCH An orc comes into view.
It is wielding a +0 short sword.
Found a scroll labelled LACY BORAMOUWK.
A goblin comes into view. It is wielding a +0 dagger.
Found 12 gold pieces.
The helpless goblin fails to defend itself.
You slash the goblin!
You kill the goblin!
You now have 11 gold pieces (gained 4).
You see here a +0 dagger.
h - a +0 dagger A lemure comes into view.
Found a scroll labelled GIKLIX XANI.
You see here 12 gold pieces.
You now have 23 gold pieces (gained 12).
An orc wizard comes into view. It is wielding a +0 dagger.
An orc comes into view. It is wielding a +0 dagger.
An orc priest comes into view. It is wielding a +0 club.
The orc priest moves out of view.
An endoplasm comes into view.
The endoplasm moves out of view.
The orc wizard shouts!
You hear a shout! x4
The orc wizard hits you with a +0 dagger.
The orc wizard gestures at you while chanting.
The magic dart hits you!
Ouch! That really hurt!
* * * LOW HITPOINT WARNING * * *
The orc priest hits you with a +0 club.
* * * LOW HITPOINT WARNING * * *
Okay, then.
Okay, then.
You feel yourself speed up.
The orc wizard hits you with a +0 dagger.
You die...
Your body crumbles into a pile of gold.

##...............
#....#........... .
##...#........... ...
##....###..##.....
.....###...#####.####....
.................##.....
.....#.#................
......##5o...........## .
....?..o@.............#..
....o...<.....#..........
.....#...................
...o #..g................
.... #...................
. #....#...........#.#
#....##....>.....# #
##...####..#.##### ######


You could see a lemure, an orc priest, an orc wizard, 2 orcs and a goblin.

Vanquished Creatures
  A giant cockroach (D:4)
  A goblin (D:4)
2 creatures vanquished.

Vanquished Creatures (others)
  2 orcs (D:5)
2 creatures vanquished.

Grand Total: 4 creatures vanquished

Notes
Turn   | Place    | Note
-------+----------+-------------------------------------------
     0 | D:5      | Esekla the Octopode Delver began the quest for the Orb.
     0 | D:5      | Reached XP level 1. HP: 16/16 MP: 1/1
     7 | D:5      | Noticed an orc priest
     7 | D:5      | Noticed an ogre
    61 | D:5      | Noticed an orc wizard
    61 | D:5      | Found a staircase to the Ecumenical Temple.
    74 | Temple   | Entered the Ecumenical Temple
    91 | D:5      | Noticed Ijyb
   190 | D:5      | Noticed a black bear
   252 | Temple   | Became a worshipper of Gozag Ym Sagoz the Greedy
   371 | D:4      | Noticed a lemure
   384 | D:4      | Noticed an orc wizard
   387 | D:4      | Noticed an orc priest
   392 | D:4      | Slain by an orc wizard

Illustrated notes

Levels and vault maps discovered:
D:4:      layout_cave_pools, zin_angel, mainiacjoe_overflow_tiny_flanked,
          kennysheep_small_spiral, uniq_pikel
D:5:      layout_basic, lemuel_temple_firewalk_b, serial_curves, eino_curves_02,
          eino_curves_04, uniq_ijyb
Temple:   nicolae_temple_slightly_damp_pantheon

Action                     || total
---------------------------++-------
  Melee: Falchion          ||     2
         Constrict         ||     1
  Evoke: Wand              ||     1
    Use: Scroll            ||     2
         Potion            ||     1
   Stab: Sleeping          ||     1
 Armour: Skin              ||     7
  Dodge: Dodged            ||     2
